 Dungeon Crawl Stone Soup version 0.28-b1-25-g9875b3fc8c (webtiles) character file.

Game seed: 8278887853778868639

41 adizb the Magician (level 3, 0/19 HPs)
             Began as a Deep Elf Fire Elementalist on Feb 2, 2022.
             Slain by an adder (1 damage)
             ... on level 2 of the Dungeon.
             The game lasted 00:05:46 (1012 turns).

adizb the Magician (Deep Elf Fire Elementalist)     Turns: 1012, Time: 00:05:48

Health: 0/19       AC:  2    Str:  5    XL:     3   Next: 32%
Magic:  8/10       EV: 13    Int: 21    God:
Gold:   105        SH:  0    Dex: 15    Spells: 8/9 levels left

rFire   . . .      SeeInvis .   d - +2 short sword (drain)
rCold   . . .      Faith    .   (no shield)
rNeg    . . .      Spirit   .   a - +0 robe
rPois   .          Reflect  .   (no helmet)
rElec   .          Harm     .   (no cloak)
rCorr   .          Rampage  .   (no gloves)
Will    .....                   (no boots)
Stlth   ++........              (no amulet)
HPRegen 0.06/turn               (no ring)
MPRegen 0.12/turn               (no ring)

@: lethally poisoned (0 -> -3)
A: no striking features
a: no special abilities


You were on level 2 of the Dungeon.
You visited 1 branch of the dungeon, and saw 2 of its levels.

You collected 105 gold pieces.

Inventory:

Hand Weapons
 d - a +2 short sword of draining (weapon)
Armour
 a - a +0 robe (worn)
Scrolls
 c - a scroll of teleportation {unknown}
 e - a scroll of fear {unknown}
 h - 2 scrolls of identify {unknown}
 j - a scroll of immolation {unknown}
Potions
 b - a potion of flight {unknown}
 f - a potion of might {unknown}
 g - 2 potions of resistance {unknown}
 i - a potion of brilliance {unknown}


   Skills:
 + Level 2.9 Dodging
 + Level 3.0 Stealth
 * Level 3.8 Spellcasting
 + Level 1.7 Conjurations
 + Level 3.6 Fire Magic


You had 8 spell levels left.
You knew the following spells:

 Your Spells              Type           Power      Damage    Failure   Level
a - Foxfire               Conj/Fire      60%        2x1d7     4%          1

Your spell library contained the following spells:

 Spells                   Type           Power      Damage    Failure   Level
 Scorch                   Fire           38%        2d7       4%          2
 Conjure Flame            Conj/Fire      15%        6-21      12%         3
 Inner Flame              Hex/Fire       11%        N/A       17%         3
 Flame Wave               Conj/Fire      15%        2d6       38%         4


Dungeon Overview and Level Annotations

Branches:
Dungeon (2/15)

Altars:
Elyvilon


Message History

i - a green potion
j - a scroll labelled ERHYK RAZIY You open the door.
There is an open door here.
You see here 15 stones.
You open the door.
There is an open door here.
Found a stone staircase leading up.
You see here a +0 quarterstaff.
Found a glowing morningstar.
You see here a +1 morningstar of protection.
Found a white marble altar of Elyvilon.
There is a white marble altar of Elyvilon here.
You kneel at the altar of Elyvilon.
As you open the door, it creaks loudly!
There is an open door here.
An adder and a worm come into view.
The adder hisses angrily.
Casting: Foxfire (safe; 4% risk of failure)
Press: ? - help, Q - select action Dir - look around, f - activate You conjure some foxfire!
The adder bites you.
You are poisoned.
The adder poisons you!
Your foxfire dissipates!
You feel sick. The adder bites you.
You are more poisoned.
The adder poisons you!
You feel sick. The adder misses you.
You feel sick.
There is an open door here.
You feel sick.
You feel sick. The adder bites you.
* * * LOW HITPOINT WARNING * * *
Casting: Foxfire (safe; 4% risk of failure)
Press: ? - help, Q - select action Dir - look around, f - activate You conjure some foxfire!
* * * LOW HITPOINT WARNING * * *
You feel sick. The adder bites you.
You die...

######### #........
#w####### #.#
##'#######
#.Sv......
#.@..##############
#.v................
#...###############
##+## ... ### #


You could see a worm and an adder (ally target).

Vanquished Creatures
  An adder (D:2)
  A dart slug (D:2)
  3 endoplasms (D:1)
  A goblin (D:1)
  2 hobgoblins
  A quokka (D:1)
  6 ball pythons
  5 bats (D:1)
  2 frilled lizards (D:1)
  3 kobolds
  8 rats
33 creatures vanquished.

Vanquished Creatures (others)
  52 foxfires
52 creatures vanquished.

Grand Total: 85 creatures vanquished

Notes
Turn   | Place    | Note
-------+----------+-------------------------------------------
     0 | D:1      | adizb the Deep Elf Fire Elementalist began the quest for
                  | the Orb.
     0 | D:1      | Reached XP level 1. HP: 10/10 MP: 6/6
   211 | D:1      | Reached XP level 2. HP: 15/15 MP: 6/8
   459 | D:1      | Found a faded altar of an unknown god.
   672 | D:2      | Reached XP level 3. HP: 19/19 MP: 10/10
   971 | D:2      | Found a white marble altar of Elyvilon.
  1012 | D:2      | Slain by an adder

Illustrated notes

Levels and vault maps discovered:
D:1:      lemuel_arrival_cross, layout_loops_ring,
          chequers_ecumenical_altar_island
D:2:      layout_basic, basic_altar, minmay_misc_feat_rugged

Skill      XL: |  1  2  3 |
---------------+----------+-----
Stealth        | 3 |  3.0
Dodging        | |  2.9
Spellcasting   | |  3.8
Conjurations   | |  1.7
Fire Magic     | |  3.6

Action                   || total
-------------------------++-------
Melee: Short sword       ||     5
 Cast: Foxfire           ||    38
 Stab: Sleeping          ||     3
Dodge: Dodged            ||     8
